 Dungeon Crawl Stone Soup version 0.17.1-3-g152610e (webtiles) character file.

2222 DanteCalvez the Destroyer (level 9, -3/46 HPs)
             Began as a Deep Elf Conjurer on Apr 19, 2016.
             Slain by a trapdoor spider (9 damage)
             ... on level 7 of the Dungeon.
             The game lasted 00:20:39 (6349 turns).

DanteCalvez the Destroyer (Deep Elf Conjurer)       Turns: 6349, Time: 00:20:39

Health: -3/46      AC: 12    Str:  7    XL:     9   Next: 13%
Magic:  1/21       EV: 12    Int: 22    God:
Gold:   325        SH:  0    Dex: 15    Spells: 4 memorised, 10 levels left

rFire  . . .     SeeInvis .     J - staff of summoning
rCold  . . .     Clarity  .     t - +2 leather armour {rPois}
rNeg   . . .     SustAt   .     (no shield)
rPois  +         Gourm    .     B - +2 helmet
rElec  .         Spirit   .     p - +0 cloak (curse)
rCorr  .         Warding  +     j - +0 pair of gloves
rMut   .         Stasis   .     E - +0 pair of boots
MR     .....                    (no amulet)
Stlth  ++........               (no ring)
                                G - ring of flight

@: drained, not resistant to hostile enchantments, unstealthy
A: no striking features
a: Evoke Flight


You were on level 7 of the Dungeon.
You were very hungry.

You visited 2 branches of the dungeon, and saw 8 of its levels.

You collected 325 gold pieces.


   Skills:
 + Level 0.4 Fighting
 + Level 3.6(3.5) Armour
 - Level 2.4 Dodging
 - Level 2.4 Stealth
 + Level 3.9 Shields
 - Level 7.0 Spellcasting
 + Level 8.5 Conjurations
 + Level 7.9 Charms


You had 10 spell levels left.
You knew the following spells:

 Your Spells              Type           Power        Failure   Level  Hunger
a - Iskenderun's Battles  Conj/Chrm      #####...     14%         5    #####..
b - Iskenderun's Mystic   Conj           #####...     4%          4    ###....
r - Searing Ray           Conj           #####.       1%          2    None
s - Magic Dart            Conj           ####         1%          1    None

Inventory:

Hand Weapons
 l - a +0 dagger
Armour
 e - a +0 buckler
 j - a +0 pair of gloves (worn)
 p - a cursed +0 cloak (worn)
 t - a +2 leather armour of poison resistance (worn)
 B - a +2 helmet (worn)
 E - a +0 pair of boots (worn)
 F - a +1 robe of magic resistance
Magical Staves
 J - an uncursed staff of summoning (weapon)
Jewellery
 G - a ring of flight (left hand)
Wands
 D - a wand of digging (7)
Scrolls
 f - 2 scrolls of immolation {unknown}
 g - a scroll of noise {unknown}
 h - 3 scrolls of teleportation {unknown}
 k - 4 scrolls of remove curse {unknown}
 m - 2 scrolls of enchant weapon {unknown}
 q - a scroll of enchant armour {unknown}
 u - 5 scrolls of identify {unknown}
 y - 2 scrolls of fear {unknown}
 A - a scroll of random uselessness
 C - a scroll of fog {unknown}
Potions
 d - a potion of cure mutation
 n - 4 potions of magic {unknown}
 o - a potion of heal wounds {unknown}
 r - 4 potions of curing {@q1}
 s - 2 potions of haste {unknown}
 v - a potion of agility {unknown}
 z - a potion of invisibility {unknown}
Books
 b - a book of Conjurations

   Spells                             Type                      Level
   a - Magic Dart                     Conjuration                  1
   b - Searing Ray                    Conjuration                  2
   c - Dazzling Spray                 Conjuration/Hexes            3
   d - Fulminant Prism                Conjuration/Hexes            4
   e - Iskenderun's Mystic Blast      Conjuration                  4
   f - Iskenderun's Battlesphere      Conjuration/Charms           5
 H - a book of Necromancy

   Spells                             Type                      Level
   a - Pain                           Necromancy                   1
   b - Animate Skeleton               Necromancy                   1
   c - Vampiric Draining              Necromancy                   3
   d - Regeneration                   Charms/Necromancy            3
   e - Animate Dead                   Necromancy                   4
   f - Control Undead                 Necromancy                   4
Comestibles
 a - 2 chunks of flesh
 c - 7 bread rations
 i - 2 slices of pizza
 w - a royal jelly
 x - a meat ration

Dungeon Overview and Level Annotations

Branches:
Dungeon (7/15)             Temple (1/1) D:6

Altars:
Ashenzari
Cheibriados
Dithmenos
Elyvilon
Fedhas
Gozag
Kikubaaqudgha
Makhleb
Nemelex Xobeh
Okawaru
Sif Muna
Trog
Yredelemnul
Zin
The Shining One

Annotations:
D:7 Menkaure

#### #################...
#...................
#####'''########..##....
###########...##########.#....
##..####§###...#§§§§§###....###
###...###§§§##.⌠e#§§§§§###....#
M†<...##§§§§§#..s#§§§§§###....#
..##..###§§§##.5J#.§§§§##...#.#
#..#######§###..Z#§§.§§######.#
##.# ########...######## #.# ..
#⌠......._.......⌠# #.# .##
########...######## #.# ..
####§###...###§#### ###.# #.
###§.§##...##§§§#####<..#


You could see a trapdoor spider, a friendly jelly, a friendly shadow imp and a
friendly wyvern skeleton.


Message History

Read which item? (? for menu, Esc to quit)
As you read the scroll labeled DYJUEH TUBAACS, it crumbles to dust.
Your nose twitches suddenly!
It was a scroll of random uselessness.
The trapdoor spider bites you but does no damage.
Read which item? (? for menu, Esc to quit)
As you read the scroll labeled HUCLOYPAWU, it crumbles to dust.
Wisps of shadow whirl around you...
It was a scroll of summoning.
The trapdoor spider bites you but does no damage.
The trapdoor spider bites you!
* * * LOW HITPOINT WARNING * * *
What do you say? t - Shout!
Orders for allies: a - Attack new target. p - Attack previous target. r - Retreat! s - Stop attacking. w - Wait here. f - Follow me.
Anything else - Stay silent.
Gang up on whom?
Aim: a trapdoor spider (heavily wounded) Attack!
The trapdoor spider closely misses you.
Your shadow imp closely misses the trapdoor spider.
You don't have enough magic to cast that spell.
Your wyvern skeleton bites the trapdoor spider!
The trapdoor spider bites you but does no damage.
Your jelly barely misses the trapdoor spider.
Your wyvern skeleton bites the trapdoor spider!
The trapdoor spider bites you but does no damage.
You barely miss the trapdoor spider.
The trapdoor spider is almost dead.
The trapdoor spider closely misses you. The trapdoor spider bites you!
You die...

Action                   |  1- 3 |  4- 6 |  7- 9 || total
-------------------------+-------+-------+-------++-------
Melee: Dagger            |     3 |       |    10 ||    13
       Staff             |       |       |     1 ||     1
 Cast: Magic Dart        |    75 |   129 |   178 ||   382
       Searing Ray       |     1 |     8 |    14 ||    23
       Iskenderun's Batt |       |       |     2 ||     2
  Use: Potion            |     2 |       |       ||     2
       Scroll            |       |       |     2 ||     2
  Eat: Chunk             |       |     5 |     6 ||    11
       Beef jerky        |       |     1 |     2 ||     3

Vault maps used:
D:1:      dpeg_arrival_arbitrary_b, kennysheep_minor_cross, hangedman_decor_push
D:3:      nicolae_tso_swordbearing_angel
D:4:      lemuel_doored_altar, first_bread, uniq_robin, uniq_blork_the_orc
D:6:      minmay_temple_entry_poolview,
          nicolae_gozag_cash_rules_everything_around_me
D:7:      nemelex_altar_shiori, serial_shops, shop, basic_altar,
          grunt_ogre_cave, uniq_menkaure
Temple:   nicolae_temple_figure_eight

Notes
Turn   | Place    | Note
--------------------------------------------------------------
     0 | D:1      | DanteCalvez the Deep Elf Conjurer began the quest for the Orb.
     0 | D:1      | Reached XP level 1. HP: 10/10 MP: 6/6
   163 | D:1      | Reached XP level 2. HP: 15/15 MP: 2/8
   469 | D:1      | Learned a level 2 spell: Searing Ray
   812 | D:2      | Reached skill level 4 in Spellcasting
   812 | D:2      | Reached skill level 5 in Conjurations
   894 | D:2      | Reached XP level 3. HP: 19/19 MP: 5/10
  1112 | D:2      | Reached XP level 4. HP: 7/24 MP: 0/12
  1858 | D:3      | Noticed kirsanium's ghost (amateur GrBe)
  1868 | D:3      | Killed kirsanium's ghost
  1868 | D:3      | Reached skill level 5 in Spellcasting
  1868 | D:3      | Reached skill level 6 in Conjurations
  1868 | D:3      | Reached XP level 5. HP: 4/28 MP: 1/15
  1875 | D:3      | Learned a level 5 spell: Iskenderun's Battlesphere
  2274 | D:3      | Reached skill level 1 in Charms
  2376 | D:3      | Reached skill level 6 in Spellcasting
  2376 | D:3      | Reached skill level 2 in Charms
  2380 | D:3      | Found a glowing golden altar of the Shining One.
  2586 | D:4      | Noticed Robin
  2593 | D:4      | Killed Robin
  2593 | D:4      | Reached XP level 6. HP: 29/32 MP: 9/17
  2807 | D:4      | Noticed an ogre
  2815 | D:4      | Killed an ogre
  2815 | D:4      | Reached skill level 3 in Charms
  2822 | D:4      | Learned a level 4 spell: Iskenderun's Mystic Blast
  2873 | D:4      | Noticed Blork the orc
  2912 | D:4      | Killed Blork the orc
  3184 | D:4      | Found an opulent altar of Gozag.
  3242 | D:5      | Entered Level 5 of the Dungeon
  3275 | D:5      | HP: 3/32 [ice beast (10)]
  3276 | D:5      | Reached skill level 1 in Shields
  3276 | D:5      | Reached skill level 4 in Charms
  3276 | D:5      | Reached XP level 7. HP: 3/36 MP: 1/19
  3397 | D:5      | Reached skill level 7 in Spellcasting
  3733 | D:5      | Reached skill level 7 in Conjurations
  3892 | D:5      | Reached skill level 1 in Armour
  3892 | D:5      | Reached skill level 5 in Charms
  4241 | D:6      | Reached skill level 2 in Shields
  4328 | D:6      | Found an opulent altar of Gozag.
  4364 | D:6      | Reached XP level 8. HP: 41/41 MP: 12/20
  4591 | D:6      | Reached skill level 2 in Armour
  4643 | D:6      | Noticed kirsanium's ghost (novice GrBe)
  4740 | D:6      | Reached skill level 6 in Charms
  4755 | D:6      | Found a staircase to the Ecumenical Temple.
  4764 | Temple   | Entered the Ecumenical Temple
  5099 | D:6      | Reached skill level 3 in Shields
  5729 | D:7      | Noticed Menkaure
  5872 | D:6      | Killed kirsanium's ghost
  5872 | D:6      | Reached skill level 3 in Armour
  5872 | D:6      | Reached skill level 8 in Conjurations
  5872 | D:6      | Reached skill level 7 in Charms
  5872 | D:6      | Reached XP level 9. HP: 12/45 MP: 0/21
  6231 | D:7      | Found a sparkling altar of Nemelex Xobeh.
  6349 | D:7      | Slain by a trapdoor spider

Vanquished Creatures
  The ghost of kirsanium the Skirmisher, a novice GrBe of Trog (D:6)
  2 ice beasts
  A sky beast (D:5)
  4 ogres
  The ghost of kirsanium the Skirmisher, an amateur GrBe of Trog (D:3)
  Blork the orc (D:4)
  3 centaurs (D:6)
  A gnoll sergeant (D:6)
  2 scorpions
  2 crimson imps
  A gnoll shaman (D:7)
  An iguana (D:4)
  6 worker ants
  Robin (D:4)
  9 adders
  8 gnolls
  A shadow imp (D:5)
  An adder zombie (D:6)
  2 adder skeletons (D:6)
  2 worms (D:2)
  11 giant geckos
  13 orcs
  12 bats
  17 goblins
  7 hobgoblins
  5 kobolds
  2 quokkas (D:5)
  2 giant cockroaches
  A giant gecko zombie (D:5)
  6 giant newts
  14 jackals
  A quokka zombie (D:6)
  8 rats
149 creatures vanquished.
